 Dungeon Crawl Stone Soup version 0.26.1-2-gb8aa6d0cf2 (webtiles) character file.

Game seed: 12489606902323288661

8246 Mattiprrivan the Covert (level 11, -7/55 HPs)
             Began as a Spriggan Berserker on Feb 27, 2021.
             Was a Priest of Trog.
             Shot with a bolt by an orc warlord (14 damage)
             ... on level 1 of the Orcish Mines on Feb 28, 2021.
             The game lasted 01:47:45 (10910 turns).

Mattiprrivan the Covert (Spriggan Berserker)       Turns: 10910, Time: 01:47:46

Health: -7/55      AC:  5    Str: 14    XL:     11   Next: 7%
Magic:  12/12      EV: 24    Int: 10    God:    Trog [***...]
Gold:   838        SH:  0    Dex: 17    Spells: 10/10 levels left

rFire    . . .     SeeInvis +   i - +2 short sword (elec)
rCold    . . .     Faith    .   (shield restricted)
rNeg     . . .     Spirit   .   b - +2 animal skin
rPois    .         Reflect  .   (helmet restricted)
rElec    .         Harm     .   g - +0 cloak
rCorr    .         Rampage  .   (gloves unavailable)
Will     ++...                  (boots unavailable)
Stlth    +++++.....             (no amulet)
HPRegen  0.18/turn              l - ring of willpower
MPRegen  0.13/turn              (no ring)

@: about to teleport, very quick
A: very small, unfitting armour, claws 1, see invisible, speed 3, evolution 1
a: Renounce Religion, Berserk, Trog's Hand


You were on level 1 of the Orcish Mines.
You worshipped Trog.
Trog was most pleased with you.
You visited 2 branches of the dungeon, and saw 12 of its levels.

You collected 838 gold pieces.

Inventory:

Hand Weapons
 i - a +2 short sword of electrocution (weapon)
 s - a +1 short sword of venom
Missiles
 k - 36 poisoned darts
 o - 18 boomerangs (quivered)
 p - 5 atropa-tipped darts
 t - 3 boomerangs of dispersal
Armour
 b - a +2 animal skin (worn)
 g - a +0 cloak (worn)
 u - +0 storm dragon scales
Jewellery
 l - a ring of willpower (left claw)
Wands
 a - a wand of polymorph (10)
 h - a wand of digging (5)
Scrolls
 c - 3 scrolls of identify
 d - 5 scrolls of remove curse
 e - 3 scrolls of teleportation
 m - a scroll of blinking
Potions
 j - 2 potions of cancellation
 n - a potion of lignification


   Skills:
 * Level 5.0 Fighting
 * Level 9.5(10.0) Short Blades
 * Level 3.6(5.9) Long Blades
 * Level 5.7 Throwing
 * Level 3.5 Armour
 * Level 9.0 Dodging
 * Level 10.5 Stealth
 * Level 3.7 Unarmed Combat
 * Level 5.9 Evocations


You had 10 spell levels left.
You didn't know any spells.
Your spell library was empty.

Dungeon Overview and Level Annotations

Branches:
Dungeon (11/15)            Temple (0/1) D:5            Lair (0/6) D:10
    Orc (1/2) D:10

Altars:
Dithmenos
Elyvilon
Fedhas
Gozag
Hepliaklqana
Nemelex Xobeh
Ru
Trog
Uskayaw
Wu Jian
Xom
Yredelemnul
Beogh

Shops:
D:7 :


Innate Abilities, Weirdness & Mutations

You are very small and have problems with some larger weapons.
You are too small for most types of armour.
You have supernaturally acute eyesight. (SInv)
You cover ground extremely quickly.
You have sharp fingernails.
You evolve.


Message History

The orc no longer looks unusually strong.
The orc warlord shoots a bolt.
The bolt closely misses you.
The orc warrior hits your ogre with a +0 short sword.
Your ogre hits the ogre with a +0 giant club!!!
The ogre dies!
Trog accepts your kill.
The orc warrior throws a boomerang.
The boomerang barely misses you.
The weapon returns to the orc warrior!
Okay, then.
As you read the scroll of teleportation, it crumbles to dust.
You feel strangely unstable.
Your black bear barely misses the orc warrior. x2
Your black bear claws the orc warrior but does no damage.
Your black bear bites the orc warrior.
Your black bear claws the orc warrior. x2
Your ogre hits the orc warrior with a +0 giant club!!
The orc warrior dies!
Trog accepts your kill.
The orc priest hits your ogre with a +0 mace.
The orc misses you.
The orc warlord shoots a bolt.
The bolt hits you!
You die...

#...... .........
#.....##.......#
#...##...).....
#...#..).(o...$
#.....)o[)[#
##.#.h.Oo.## .
####.....(o...#...
####.#.....#.(.......
####.#......##.#@......#
#.#.....##.##.....#..###
........######.(.....#
..##.#.## ###....##
.......## ##.###
#.......# ## ##...#.##
##...### ..#..#.##


You could see an orc warlord, an orc warrior, an orc priest (strong), an orc, a
friendly black bear (summoned, berserk) and a friendly ogre (summoned, berserk).

Vanquished Creatures
  2 trolls (Orc:1)
  A vampire (D:9)
  A yak (D:10)
  A two-headed ogre zombie (D:10)
  2 water moccasins (D:10)
  9 orc warriors
  An ice beast (D:10)
  A phantom (D:4)
  A sky beast (D:5)
  A black bear (D:10)
  3 ogres
  A centaur (D:9)
  Blork the orc (Orc:1)
  10 bullfrogs
  A scorpion (D:6)
  4 killer bees (D:8)
  A troll zombie (D:10)
  2 howler monkeys
  9 wights
  A bullfrog zombie (D:9)
  7 orc priests
  A bullfrog skeleton (D:5)
  A hound (D:8)
  4 orc wizards
  2 jellies
  An iguana (D:5)
  9 worker ants
  3 ogre zombies (D:10)
  A hound skeleton (D:4)
  2 howler monkey zombies (D:5)
  2 worker ant zombies
  3 adders
  18 gnolls
  2 white imps
  An ufetubus (D:6)
  A worm (D:4)
  2 dart slugs (D:2)
  7 leopard geckos
  47 orcs
  A ball python (D:6)
  7 bats
  3 giant cockroaches
  4 goblins
  5 hobgoblins
  13 jackals
  9 kobolds
  7 quokkas
  4 frilled lizards
  3 goblin skeletons (D:10)
  3 goblin zombies (D:10)
  3 hobgoblin zombies (D:10)
  A jackal zombie (D:6)
  3 orc skeletons (D:10)
  7 orc zombies (D:10)
  A quokka skeleton (D:5)
  A quokka zombie (D:5)
  6 rats
248 creatures vanquished.

Vanquished Creatures (collateral kills)
  An orc high priest (Orc:1)
  An orc sorcerer (Orc:1)
  2 gargoyles
  A komodo dragon (D:10)
  2 trolls (Orc:1)
  2 shadows (D:10)
  A wyvern (D:10)
  3 yaks (D:10)
  2 wargs (Orc:1)
  A swamp worm (Orc:1)
  2 water moccasins (D:10)
  9 orc warriors
  A black bear (D:10)
  An ice beast (D:10)
  A phantom (D:10)
  4 ogres
  A gnoll sergeant (Orc:1)
  A scorpion (D:6)
  A troll zombie (D:10)
  2 wights (D:7)
  5 orc priests
  A bullfrog skeleton (D:9)
  2 orc wizards
  2 ogre zombies (D:10)
  A white imp (D:10)
  8 orcs
  A quokka (D:6)
  2 goblin skeletons (D:10)
  A goblin zombie (D:10)
  A hobgoblin zombie (D:10)
  2 orc zombies (D:10)
65 creatures vanquished.

Vanquished Creatures (others)
  41 fungi (D:10)
  46 plants
87 creatures vanquished.

Grand Total: 400 creatures vanquished

Notes
Turn   | Place    | Note
-------+----------+-------------------------------------------
     0 | D:1      | Mattiprrivan the Spriggan Berserker began the quest for the
                  | Orb.
     0 | D:1      | Reached XP level 1. HP: 11/11 MP: 2/2
   337 | D:1      | Reached skill level 1 in Stealth
   337 | D:1      | Reached XP level 2. HP: 16/16 MP: 3/3
   491 | D:1      | Gained mutation: You occasionally shout uncontrollably at
                  | your foes. [potion of mutation]
   491 | D:1      | Gained mutation: You evolve. [potion of mutation]
   491 | D:1      | Gained mutation: You are strong-willed. (Will+) [potion of
                  | mutation]
  1288 | D:2      | Lost mutation: You occasionally shout uncontrollably at
                  | your foes. [potion of mutation]
  1288 | D:2      | Lost mutation: You are strong-willed. (Will+) [potion of
                  | mutation]
  1288 | D:2      | Gained mutation: You have sharp fingernails. [potion of
                  | mutation]
  1320 | D:2      | Reached ** piety under Trog
  1594 | D:2      | Reached XP level 3. HP: 17/19 MP: 4/4
  1717 | D:2      | Found a faded altar of an unknown god.
  1751 | D:2      | Found an opulent altar of Gozag.
  1751 | D:2      | Found a sparkling altar of Nemelex Xobeh.
  1751 | D:2      | Found a basalt altar of Yredelemnul.
  1753 | D:2      | Found an ornate altar of the Wu Jian Council.
  1754 | D:2      | Found a blossoming altar of Fedhas.
  2051 | D:2      | Reached skill level 2 in Stealth
  2053 | D:2      | Reached skill level 5 in Dodging
  2053 | D:2      | Reached XP level 4. HP: 23/23 MP: 5/5
  2464 | D:3      | Reached skill level 1 in Throwing
  2464 | D:3      | Reached XP level 5. HP: 19/28 MP: 6/6
  2473 | D:3      | Reached skill level 3 in Stealth
  2815 | D:3      | Found a shimmering altar of Xom.
  2819 | D:3      | Found a shimmering altar of Xom.
  2819 | D:3      | Found a shimmering altar of Xom.
  2819 | D:3      | Found a shimmering altar of Xom.
  2819 | D:3      | Found a shimmering altar of Xom.
  2825 | D:3      | Found a shimmering altar of Xom.
  2825 | D:3      | Found a shimmering altar of Xom.
  3208 | D:3      | Reached *** piety under Trog
  3278 | D:4      | Noticed an ogre
  3278 | D:4      | Noticed a phantom
  3295 | D:4      | Killed an ogre
  3296 | D:4      | Reached skill level 1 in Unarmed Combat
  3296 | D:4      | Reached XP level 6. HP: 32/32 MP: 7/7
  3299 | D:4      | Reached skill level 5 in Short Blades
  3299 | D:4      | Reached skill level 1 in Evocations
  3365 | D:4      | Reached skill level 1 in Armour
  3396 | D:4      | Reached skill level 4 in Stealth
  3445 | D:4      | Reached XP level 7. HP: 35/36 MP: 8/8
  4267 | D:5      | Entered Level 5 of the Dungeon
  4293 | D:5      | Found a staircase to the Ecumenical Temple.
  4415 | D:5      | Found a white marble altar of Elyvilon.
  4547 | D:5      | Reached **** piety under Trog
  4573 | D:5      | Reached skill level 1 in Long Blades
  4740 | D:5      | Found a shadowy altar of Dithmenos.
  4745 | D:5      | Found a bloodstained altar of Trog.
  4747 | D:5      | Found a hazy altar of Hepliaklqana.
  4750 | D:5      | Found a sacrificial altar of Ru.
  4842 | D:5      | Reached XP level 8. HP: 40/40 MP: 9/9
  5448 | D:6      | Reached skill level 5 in Stealth
  6231 | D:7      | Found a hide-covered altar of Uskayaw.
  6297 | D:7      | Found a blossoming altar of Fedhas.
  6662 | D:7      | Found Mofeth's Book Boutique.
  7338 | D:8      | Reached XP level 9. HP: 39/45 MP: 10/10
  7693 | D:9      | Noticed a gargoyle
  7713 | D:9      | Reached skill level 6 in Stealth
  7716 | D:9      | Killed a gargoyle
  8426 | D:9      | Found a roughly hewn altar of Beogh.
  8431 | D:9      | Reached skill level 7 in Stealth
  8855 | D:10     | Entered Level 10 of the Dungeon
  9004 | D:10     | Reached skill level 8 in Stealth
  9007 | D:10     | Reached XP level 10. HP: 37/51 MP: 11/11
  9019 | D:10     | Reached ***** piety under Trog
  9024 | D:10     | Found a staircase to the Orcish Mines.
  9143 | D:10     | You fall into a shaft and drop 1 floor!
  9240 | D:10     | Reached skill level 5 in Evocations
  9266 | D:10     | Reached skill level 9 in Stealth
  9278 | D:10     | Noticed a gargoyle
  9283 | D:10     | Killed a gargoyle
  9299 | D:10     | Reached skill level 5 in Throwing
  9569 | D:10     | Found a staircase to the Lair.
  9751 | Orc:1    | Entered Level 1 of the Orcish Mines
  9788 | Orc:1    | Noticed Blork the orc
  9814 | Orc:1    | Killed Blork the orc
  9815 | Orc:1    | Reached skill level 10 in Stealth
  9826 | Orc:1    | Noticed an orc high priest
  9872 | Orc:1    | Noticed an orc sorcerer
  9879 | Orc:1    | Killed an orc sorcerer
  9890 | Orc:1    | Killed an orc high priest
 10132 | Orc:1    | Noticed an orc knight
 10154 | Orc:1    | Noticed a +4 great sword
 10470 | Orc:1    | an orc knight changed into a swamp worm
 10479 | Orc:1    | Reached skill level 5 in Fighting
 10731 | Orc:1    | Reached XP level 11. HP: 55/55 MP: 12/12
 10888 | Orc:1    | Noticed an orc warlord
 10910 | Orc:1    | Shot with a bolt by an orc warlord

Illustrated notes

Levels and vault maps discovered:
D:1:      onia_arrival_mini_maze, layout_loops_corners
D:2:      layout_loops_ring, grunt_temple_overflow_open,
          chequers_ecumenical_altar_lobes, minmay_split_cup_small
D:3:      layout_basic, nicolae_xom_altar_mimics
D:4:      layout_basic
D:5:      layout_rooms, elyvilon_altar_1, minitemple,
          minmay_temple_entry_proselytizer, chequers_mini_garden
D:6:      layout_cave_pods, kennysheep_generic_room_2
D:7:      layout_loops_ring, kennysheep_mini, serial_shops, shop,
          kennysheep_nub, nicolae_sextant, fedhas_altar_2
D:8:      layout_cave_pools, grunt_ministairs_1
D:9:      layout_basic, special_room [special_room_orc], minmay_misc_feat_five
D:10:     layout_cave_pools, due_lair_maze_entry_diamond, zombieorc2_lemuel
D:11:     layout_roguey, basic_altar
Orc:1:    layout_caves, sword_in_stone

Skill      XL: |  1  2  3  4  5  6  7  8  9 10 11 |
---------------+----------------------------------+-----
Stealth        | 1 2 3 4 5 8 10 | 10.5
Short Blades   | 4 5 6 7 8 9 |  9.5
Dodging        | 5 6 7 8 9 |  9.0
Throwing       | 1 2 3 4 5 |  5.7
Fighting       | 3 4 5 |  5.0
Unarmed Combat | 1 2 3 |  3.7
Evocations     | 1 2 3 4 5 |  5.9
Armour         | 1 2 3 |  3.5
Long Blades    | 1 2 3 |  3.6

Action                   |  1- 3 |  4- 6 |  7- 9 | 10-12 || total
-------------------------+-------+-------+-------+-------++-------
Melee: Short sword       |    82 |   155 |   282 |   128 ||   647
       Punch             |       |     1 |     2 |     2 ||     5
Throw: Dart              |     6 |    13 |    10 |       ||    29
       Boomerang         |       |       |    44 |    28 ||    72
Invok: Berserk           |     1 |     3 |     5 |     2 ||    11
       Brothers in Arms  |       |       |     5 |    12 ||    17
Evoke: Wand              |       |     6 |    24 |    19 ||    49
  Use: Scroll            |     8 |     2 |    18 |     3 ||    31
       Potion            |     3 |     1 |     7 |     7 ||    18
 Stab: Sleeping          |     3 |     3 |    10 |     2 ||    18
       Distracted        |       |     1 |     2 |     1 ||     4
Armor: Animal skin       |     3 |    17 |    17 |     3 ||    40
       Storm dragon scal |       |       |       |     1 ||     1
Dodge: Dodged            |    58 |   100 |   197 |   100 ||   455
